 Dungeon Crawl Stone Soup version 0.20-a0-148-gb6cfb21 (webtiles) character file.

26 KristoblXynda the Magician (level 2, -5/20 HPs)
             Began as a Draconian Wizard on Nov 21, 2016.
             Killed from afar by Terence (9 damage)
             ... with a wand of flame (?/48)
             ... on level 2 of the Dungeon.
             The game lasted 00:02:03 (955 turns).

KristoblXynda the Magician (Draconian Wizard)        Turns: 955, Time: 00:02:04

Health: -5/20      AC:  4    Str:  7 (9)  XL:     2   Next: 89%
Magic:  2/6        EV: 12    Int: 17 (18) God:
Gold:   29         SH:  0    Dex:  6 (9)  Spells: 6/7 levels left

rFire  . . .     SeeInvis .     j - +0 whip
rCold  . . .     Gourm    .     (armour unavailable)
rNeg   . . .     Faith    .     (no shield)
rPois  .         Spirit   .     a - +0 hat
rElec  .         Reflect  .     (no cloak)
rCorr  .         Harm     .     (no gloves)
MR     .....                    (no boots)
Stlth  +.........               (no amulet)
                                (no ring)
                                (no ring)

@: very slightly contaminated
A: unfitting armour, cold-blooded, AC +4
a: no special abilities


You were on level 2 of the Dungeon.
You were not hungry.

You visited 1 branch of the dungeon, and saw 2 of its levels.

You collected 29 gold pieces.

Inventory:

Hand Weapons
 j - a +0 whip (weapon)
Armour
 a - a +0 hat (worn)
Scrolls
 d - a scroll of blinking {unknown}
 e - a scroll of noise {unknown}
 g - a scroll of fog {unknown}
 h - a scroll of identify {unknown}
 i - a scroll of amnesia {unknown}
Books
 b - a book of Minor Magic

   Spells                             Type                      Level
   a - Magic Dart                     Conjuration                  1
   b - Blink                          Translocation                2
   c - Call Imp                       Summoning                    2
   d - Repel Missiles                 Charms/Air                   2
   e - Slow                           Hexes                        2
   f - Conjure Flame                  Conjuration/Fire             3
   g - Mephitic Cloud                 Conjuration/Poison/Air       3
Comestibles
 c - 2 bread rations


   Skills:
 + Level 2.5 Dodging
 - Level 1.7 Stealth
 - Level 3.0 Spellcasting
 + Level 2.1 Conjurations
   Level 1.0 Summonings
   Level 1.0 Translocations


You had 6 spell levels left.
You knew the following spells:

 Your Spells              Type           Power        Failure   Level  Hunger
a - Magic Dart            Conj           #...         10%         1    None


Dungeon Overview and Level Annotations

Branches:
Dungeon (2/15)

Altars:

Annotations:
D:2 Terence


Innate Abilities, Weirdness & Mutations

Your plain brown scales are hard. (AC +4)
You cannot fit into any form of body armour.
You are cold-blooded and may be slowed by cold attacks.


Message History

Terence is lightly wounded.
Terence shouts, "ATTACK!!!"
Terence misses you.
Unknown command.
Unknown command.
Casting: Magic Dart
Confirm with . or Enter, or press ? or * to list all spells.
Aiming: Magic Dart
Press: ? - help, Shift-Dir - straight line, f/p - Terence
Aim: Terence, wielding a mace, wearing a shiny scale mail and carrying a wand of flame (?/48) {zapped: 1} (lightly wounded)
You miscast Magic Dart.
You are very lightly contaminated with residual magic.
You feel a strange surge of energy! Terence hits you with a mace.
* * * LOW HITPOINT WARNING * * *
It was a potion of degeneration.
There was something very wrong with that liquid.
You feel weakened.
You feel dopey.
You feel clumsy. Terence hits you but does no damage.
Terence zaps a wand.
The puff of flame hits you!
You die...

....#..#.........#
.##..............#
###..<##.........#
###.#.###.......#
##........#...#.# ##
....#.####....#.# .#
....#......##.#.# .#
......#...###.#.## .#
................@###.####
###...########.#..@....%#
##### ###........#
#.)......# #........#
#........# #........#
#.....[..# ##########


You could see Terence.

Vanquished Creatures
  An adder (D:2)
  A dart slug (D:1)
  A giant cockroach (D:1)
  2 goblins (D:1)
  A hobgoblin (D:1)
  A bat (D:1)
  4 kobolds (D:1)
  4 rats
15 creatures vanquished.

Notes
Turn   | Place    | Note
-------+----------+-------------------------------------------
     0 | D:1      | KristoblXynda the Draconian Wizard began the quest for the Orb.
     0 | D:1      | Reached XP level 1. HP: 14/14 MP: 4/4
   299 | D:1      | Reached XP level 2. HP: 20/20 MP: 3/6
   947 | D:2      | Noticed Terence
   955 | D:2      | Killed from afar by Terence

Vault maps used:
D:1:      mrwooster_arrival_arrow
D:2:      marbit_many_paths, first_bread, uniq_natasha, uniq_terence, uniq_iyjb,
          uniq_crazy_yiuf_cottage

Skill      XL: |  1  2 |
---------------+-------+-----
Dodging        | 2 |  2.5
Conjurations   | 2 |  2.1
Stealth        | |  1.7
Spellcasting   | |  3.0
Summonings     | |  1.0
Translocations | |  1.0

Action                   || total
-------------------------++-------
Melee: Unarmed           ||     1
       Whip              ||    11
 Cast: Magic Dart        ||    39
  Use: Potion            ||     1
Armor: Skin              ||     7
Dodge: Dodged            ||    17
